 Dungeon Crawl Stone Soup version 0.24-a0-254-gf493760 (webtiles) character file.

Game seed: 16857969257813843316

140 Foxy the Chopper (level 5, 8/41 HPs)
             Began as a Demonspawn Gladiator on Apr 18, 2019.
             Quit the game on level 2 of the Dungeon.
             The game lasted 00:04:31 (2974 turns).

Foxy the Chopper (Demonspawn Gladiator)             Turns: 2974, Time: 00:04:32

Health: 8/41       AC:  5    Str: 16    XL:     5   Next: 2%
Magic:  5/5        EV: 12    Int:  9    God:
Gold:   95         SH:  4    Dex: 14    Spells: 4/4 levels left

rFire    . . .     SeeInvis .   a - +0 war axe
rCold    . . .     Gourm    .   e - +0 buckler
rNeg     . . .     Faith    .   b - +0 leather armour
rPois    .         Spirit   .   c - +0 helmet
rElec    .         Reflect  .   (no cloak)
rCorr    .         Harm     .   (no gloves)
MR       .....                  j - +0 pair of boots
Stlth    ++........             (no amulet)
HPRegen  0.13/turn              (no ring)
MPRegen  0.09/turn              (no ring)

@: no status effects
A: talons 1, nightstalker 1, sturdy frame 1
a: no special abilities


You were on level 2 of the Dungeon.
You were hungry.

You visited 1 branch of the dungeon, and saw 3 of its levels.

You collected 95 gold pieces.

Inventory:

Hand Weapons
 a - a +0 war axe (weapon)
Missiles
 d - 2 throwing nets (quivered)
 g - 10 tomahawks
Armour
 b - a +0 leather armour (worn)
 c - a +0 helmet (worn)
 e - a +0 buckler (worn)
 j - a +0 pair of boots (worn)
Scrolls
 h - a scroll of random uselessness {unknown}
 i - 2 scrolls of enchant weapon {unknown}
 k - a scroll of identify {unknown}
 l - a scroll of fog {unknown}
Potions
 m - a potion of brilliance {unknown}
Comestibles
 f - 3 rations


   Skills:
 + Level 3.1 Fighting
 * Level 4.2 Axes
 - Level 1.7 Throwing
 - Level 2.6 Dodging
 + Level 1.6 Shields


You had 4 spell levels left.
You didn't know any spells.
Your spell library was empty.

Dungeon Overview and Level Annotations

Branches:
Dungeon (3/15)

Altars:

Annotations:
D:2 Sigmund
D:3 Robin


Innate Abilities, Weirdness & Mutations

You have sharp toenails.
You are slightly more attuned to the shadows.
Your movements are slightly less encumbered by armour. (ER -2)


Message History

The hobgoblin hits you.
* * * LOW HITPOINT WARNING * * *
You closely miss the goblin. You barely miss the hobgoblin.
The goblin no longer looks unusually strong.
The goblin closely misses you. The hobgoblin hits you.
* * * LOW HITPOINT WARNING * * *
The goblin hits you but does no damage.
You barely miss the goblin. You hit the hobgoblin.
You kill the hobgoblin!
The goblin misses you.
You miss the goblin. The goblin hits you but does no damage.
Quiver which item? (- for none, * to show all) (? for menu, Esc to quit)
You don't have any such object.
Quiver which item? (- for none, * to show all) (? for menu, Esc to quit)
That's the wrong kind of item! (Use * to select it.) Quiver which item? (- for none, * to show all) (? for menu, Esc to quit)
You don't have any such object.
Quiver which item? (- for none, * to show all) (? for menu, Esc to quit)
Okay, then.
Are you sure you want to abandon this character and quit the game? (Confirm with "yes".)

......'.........'.......#
....###.........####....##
...## ##.......#.......>.#
.#.# ##.....##.######..#
.#.# ##..)###.# ####..#
...# ##'## #.# #.....#
.### #.# #.# #.###.# .#
#######[####(###.###.# .#
#.........##@g.......# .#
#.####....######.##### .#
#.# #........###.#
.####.####...........#
.................#####
#####.#######....#
#.#######.#### #.........#
###########


You could see a goblin.

Vanquished Creatures
  Terence (D:2)
  An orc wizard (D:2)
  3 adders (D:2)
  An ooze (D:2)
  A dart slug (D:1)
  3 leopard geckos
  4 bats
  3 giant cockroaches
  10 goblins
  4 hobgoblins
  3 jackals (D:1)
  9 kobolds
  2 quokkas (D:2)
  A ball python (D:1)
  2 frilled lizards
  4 rats
  3 bushes (D:1)
  A plant (D:1)
56 creatures vanquished.

Notes
Turn   | Place    | Note
-------+----------+-------------------------------------------
     0 | D:1      | Foxy the Demonspawn Gladiator began the quest for the Orb.
     0 | D:1      | Reached XP level 1. HP: 16/16 MP: 1/1
     3 | D:1      | Noticed an electric eel
     3 | D:1      | Noticed an electric eel
   163 | D:1      | Reached skill level 3 in Axes
   355 | D:1      | Gained mutation: Your movements are slightly less
                  | encumbered by armour. (ER -2) [demonic ancestry]
   355 | D:1      | Reached XP level 2. HP: 19/22 MP: 2/2
  1439 | D:2      | Reached XP level 3. HP: 10/28 MP: 3/3
  1649 | D:2      | Noticed Terence
  1655 | D:2      | Killed Terence
  1655 | D:2      | Reached skill level 1 in Shields
  1655 | D:2      | Gained mutation: You have sharp toenails. [demonic
                  | ancestry]
  1655 | D:2      | Reached XP level 4. HP: 34/34 MP: 4/4
  1870 | D:2      | Reached skill level 4 in Axes
  2283 | D:2      | Noticed Sigmund
  2308 | D:2      | Noticed an orc warrior
  2852 | D:3      | Noticed Robin
  2964 | D:2      | Gained mutation: You are slightly more attuned to the
                  | shadows. [demonic ancestry]
  2964 | D:2      | Reached XP level 5. HP: 30/41 MP: 5/5
  2974 | D:2      | Quit the game

Levels and vault maps discovered:
D:1:      arrival_aquarium_b, layout_loops_ring, serial_forest,
          infiniplex_forest_clump_double, infiniplex_forest_clump_small,
          infiniplex_forest_lined_2, infiniplex_forest_corner_1,
          infiniplex_forest_3_way, infiniplex_forest_lined_room_3,
          infiniplex_forest_clump_diagonal, infiniplex_forest_end_2,
          corexii_corridor_pit, nrook_mini_vaults
D:2:      layout_loops_corners, uniq_terence, uniq_sigmund
D:3:      layout_rooms, lemuel_round_altar, first_ration, st_stairs_9,
          minmay_rat_hole, uniq_robin

Skill      XL: |  1  2  3  4 |
---------------+-------------+-----
Axes           | 3 4 |  4.2
Shields        | 1 |  1.6
Fighting       | 3 |  3.1
Throwing       | |  1.7
Dodging        | |  2.6

Action                   |  1- 3 |  4- 6 || total
-------------------------+-------+-------++-------
Melee: War axe           |   214 |    85 ||   299
       Kick              |       |     4 ||     4
Throw: Throwing net      |     2 |       ||     2
  Use: Potion            |     2 |       ||     2
 Stab: Sleeping          |     1 |       ||     1
       Held in net/web   |     1 |       ||     1
  Eat: Ration            |     1 |       ||     1
       Chunk             |       |     3 ||     3
Armor: Leather armour    |    22 |    46 ||    68
Dodge: Dodged            |    57 |    81 ||   138
Block: Buckler           |     9 |    21 ||    30

Table legend:
 A = Non-vault XP
 B = Vault XP
 C = Vault XP percentage of total XP
 D = Non-vault monster count
 E = Vault monster count
 F = Vault count percentage of total count
                 A         B        C        D         E       F
            +---------+---------+-------+---------+---------+-------
      Total |     152 |      49 |  24.4 |      43 |       9 |  17.3
            +---------+---------+-------+---------+---------+-------
        D:1 |      37 |       0 |   0.0 |      20 |       0 |   0.0
        D:2 |     115 |      49 |  29.9 |      23 |       9 |  28.1
            +---------+---------+-------+---------+---------+-------
